[Event "Titled Tuesday Blitz May 30 Early 2023"]
[White "Sousa, Andre Ventura"]
[Black "FunnyDuck66"]
[WhiteFideId "1917617"]
[WhiteElo "2333"]
[BlackElo "2373"]
[Result "0-1"]
[Round "10"]
[TimeControl "180+2"]
[Date "2023.05.30"]
[WhiteClock "0:01:54"]
[BlackClock "0:01:50"]

1. e4 c6 2. d4 d5 3. Nd2 dxe4 4. Nxe4 Nf6 5. Nxf6+ exf6 6. Be3 Bd6 7. Bd3 Na6 8. a3 Nc7 9. c4 Be6 10. Ne2 O-O 11. Qc2 g6 12. h4 f5 13. h5 b5 14. b3 a5 15. hxg6 fxg6 16. Nf4 Bxf4 17. Bxf4 Qxd4 18. Qc1 Qxd3 19. Bxc7 Bxc4 0-1


[Site "https://www.chess.com"]

[Event "Titled Tuesday Blitz May 30 Early 2023"]
[White "Shuvalov, Evgenij"]
[Black "Szente Varga, Fruzsina"]
[WhiteFideId "4187237"]
[BlackFideId "712264"]
[WhiteElo "2080"]
[BlackElo "1994"]
[Result "1-0"]
[Round "10"]
[TimeControl "180+2"]
[Date "2023.05.30"]
[WhiteClock "0:01:18"]
[BlackClock "0:00:04"]

1. d4 Nf6 2. c4 g6 3. Nc3 Bg7 4. e4 d6 5. Nf3 O-O 6. Be2 e5 7. O-O Nc6 8. d5 Ne7 9. Ne1 Nd7 10. f3 f5 11. g4 Nf6 12. Nd3 h6 13. h4 Qd7 14. Nf2 b6 15. Be3 a5 16. b3 fxg4 17. fxg4 h5 18. g5 Nh7 19. a3 Rf7 20. b4 axb4 21. axb4 Rxa1 22. Qxa1 Rxf2 23. Bxf2 Qh3 24. Qc1 Bg4 25. Qe3 Qxe3 26. Bxe3 Bd7 27. Ra1 Nc8 28. Kh2 Kf7 29. Bf1 Ke7 30. Bh3 Bxh3 31. Kxh3 Nf8 32. Nb5 Kd7 33. Rf1 c6 34. dxc6+ Kxc6 35. Rf7 Ne6 36. Nc3 Bh8 37. b5# 1-0


[Site "https://www.chess.com"]

[Event "Titled Tuesday Blitz May 30 Early 2023"]
[White "Gontcharov, Vladislav"]
[Black "Sovetbekova, Nurai"]
[WhiteFideId "4123492"]
[BlackFideId "13801910"]
[WhiteElo "2420"]
[BlackElo "1857"]
[Result "1-0"]
[Round "10"]
[TimeControl "180+2"]
[Date "2023.05.30"]
[WhiteClock "0:00:19"]
[BlackClock "0:00:00"]

1. d4 Nf6 2. c4 e6 3. Nc3 Bb4 4. e3 O-O 5. Bd3 d5 6. Nf3 b6 7. O-O Bb7 8. a3 Be7 9. b4 c5 10. dxc5 bxc5 11. b5 Nbd7 12. a4 dxc4 13. Bxc4 Nb6 14. Be2 Nbd5 15. Bb2 Qa5 16. Qc2 Rfd8 17. Rfd1 Rac8 18. Ng5 Nb4 19. Qb3 h6 20. Nxe6 fxe6 21. Qxe6+ Kh8 22. Qxe7 Qb6 23. a5 Rxd1+ 24. Rxd1 Qc7 25. Qxc7 Rxc7 26. Rd8+ Kh7 27. Bc4 Rd7 28. Rxd7 Nxd7 29. f4 Kg6 30. Kf2 Kf5 31. Ne2 g5 32. Ng3+ Kg6 33. Bc3 gxf4 34. exf4 Nd5 35. Bd2 N7f6 36. Bd3+ Kg7 37. Nf5+ Kf8 38. Nxh6 Nc7 39. Nf5 1-0


[Site "https://www.chess.com"]

[Event "Titled Tuesday Blitz May 30 Early 2023"]
[White "Samunenkov, Ihor"]
[Black "Ginzburg, Yakov"]
[WhiteFideId "14187086"]
[BlackFideId "4157176"]
[WhiteElo "2457"]
[BlackElo "2305"]
[Result "1-0"]
[Round "10"]
[TimeControl "180+2"]
[Date "2023.05.30"]
[WhiteClock "0:00:06"]
[BlackClock "0:00:14"]

1. d4 d5 2. c4 c6 3. Nf3 Nf6 4. e3 a6 5. Nbd2 b5 6. cxd5 cxd5 7. a4 b4 8. Bd3 a5 9. Nb3 e6 10. O-O Ba6 11. Bxa6 Nxa6 12. Qd3 Nc7 13. Ne5 Bd6 14. Nc6 Bxh2+ 15. Kxh2 Ng4+ 16. Kg3 Qg5 17. f4 Qh5 18. Ne5 Nf6 19. Nc5 g5 20. f5 Qh4+ 21. Kf3 Qh5+ 22. Kf2 O-O 23. Bd2 g4 24. Rh1 Qg5 25. Ned7 exf5 26. Nxf6+ Qxf6 27. Rh5 Ne6 28. Nd7 Qg6 29. Rah1 Ng5 30. Ne5 Ne4+ 31. Ke1 Qf6 32. Nd7 Qd6 33. Ne5 f6 34. Rxh7 fxe5 35. Rh8+ Kg7 36. R1h7+ Kg6 37. Rh6+ Kg5 38. Rh5+ Kf6 39. R8h6+ Ke7 40. Rxd6 Kxd6 41. dxe5+ Ke6 42. Rh6+ Kf7 43. Qxd5+ Kg7 44. Rc6 Rad8 45. Rc7+ Kh6 46. Rd7 Rc8 47. e6 Nf6 48. Qd6 Ne4 49. Qf4+ Kg6 50. e7 Rh8 51. Qe5 Rh1+ 52. Ke2 Rg1 53. e8=Q+ Rxe8 54. Qxe8+ Kg5 55. Rg7+ Kf6 56. Qf7+ Ke5 57. Qe7+ Kd5 58. Qd7+ Ke5 59. Re7+ Kf6 60. Re6+ Kg5 61. Qg7+ Kh4 62. Be1+ Ng3+ 63. Bxg3+ Kxg3 64. Qe5+ Kxg2 65. Qxf5 Kg3 66. Rg6 Kh3 67. Qh5+ Kg2 68. Rxg4# 1-0


[Site "https://www.chess.com"]

[Event "Titled Tuesday Blitz May 30 Early 2023"]
[White "surrenderPLS"]
[Black "Sahib Singh"]
[BlackFideId "25618342"]
[WhiteElo "2518"]
[BlackElo "1934"]
[Result "0-1"]
[Round "10"]
[TimeControl "180+2"]
[Date "2023.05.30"]
[WhiteClock "0:00:33"]
[BlackClock "0:00:18"]

1. e4 e6 2. d4 d5 3. Nc3 Bb4 4. e5 c5 5. a3 Bxc3+ 6. bxc3 Ne7 7. Qg4 cxd4 8. Qxg7 Rg8 9. Qxh7 Qc7 10. Bb5+ Bd7 11. Bxd7+ Nxd7 12. Ne2 dxc3 13. Bf4 Nxe5 14. a4 O-O-O 15. Ra3 d4 16. Bxe5 Qxe5 17. Qxf7 Nc6 18. Qf4 Qc5 19. Rb3 Rxg2 20. Qe4 Rdg8 21. Qxe6+ Kb8 22. Qd7 b6 23. Rb5 Qf8 24. Rf1 Qf6 25. Rf5 Qh6 26. Rf7 Qd2# 0-1


[Site "https://www.chess.com"]

[Event "Titled Tuesday Blitz May 30 Early 2023"]
[White "Senft, Sean"]
[Black "Vlassov, Nikolai"]
[WhiteFideId "2044960"]
[BlackFideId "4103360"]
[WhiteElo "1989"]
[BlackElo "2324"]
[Result "0-1"]
[Round "10"]
[TimeControl "180+2"]
[Date "2023.05.30"]
[WhiteClock "0:00:52"]
[BlackClock "0:00:17"]

1. d4 Nf6 2. c4 Nc6 3. Nc3 e5 4. Nf3 exd4 5. Nxd4 Bb4 6. e3 Bxc3+ 7. bxc3 O-O 8. Bd3 Ne5 9. O-O Nxd3 10. Qxd3 d6 11. Ba3 Re8 12. c5 dxc5 13. Bxc5 b6 14. Ba3 c5 15. Rfd1 cxd4 16. cxd4 Bb7 17. f3 Rc8 18. e4 Nh5 19. g3 f5 20. d5 fxe4 21. fxe4 Nf6 22. Re1 Qd7 23. Bb2 Ng4 24. Qd4 Ne5 25. Rf1 Rc4 26. Qe3 Rc2 27. Bxe5 Rxe5 28. Qf4 Re8 29. Rac1 Rxc1 30. Rxc1 Rc8 31. Rxc8+ Qxc8 32. Qd6 Qc5+ 33. Qxc5 bxc5 34. Kf2 Kf7 35. Ke3 Kf6 36. Kd3 Ba6+ 37. Kc3 Ke5 38. a4 g5 39. h4 g4 40. Kb3 Bd3 41. Kc3 Bxe4 42. Kc4 Kd6 43. Kb5 Bxd5 0-1


[Site "https://www.chess.com"]

[Event "Titled Tuesday Blitz May 30 Early 2023"]
[White "Tanmay Jain"]
[Black "vlajkovicS"]
[WhiteFideId "45015481"]
[WhiteElo "2032"]
[BlackElo "2631"]
[Result "1-0"]
[Round "10"]
[TimeControl "180+2"]
[Date "2023.05.30"]
[WhiteClock "0:01:25"]
[BlackClock "0:02:14"]

1. e4 e6 2. Nf3 a6 3. g3 b5 4. Bg2 Bb7 5. d3 d5 6. O-O dxe4 7. Nfd2 Nf6 8. dxe4 e5 9. Qe2 Nc6 10. c3 h5 11. Nf3 Bd6 12. Bg5 Ne7 13. Nbd2 Ng4 14. h3 Nh6 15. Rad1 f6 16. Be3 g5 17. c4 Qd7 18. c5 g4 19. hxg4 hxg4 20. Nh4 f5 21. cxd6 cxd6 22. exf5 Bxg2 23. Kxg2 Nhxf5 24. Nxf5 Nxf5 25. Ne4 Qh7 26. Nf6+ 1-0


[Site "https://www.chess.com"]

[Event "Titled Tuesday Blitz May 30 Early 2023"]
[White "Dehtiarov, Roman"]
[Black "Toncheva, Nadya"]
[WhiteFideId "14186640"]
[BlackFideId "2924056"]
[WhiteElo "2189"]
[BlackElo "2101"]
[Result "0-1"]
[Round "10"]
[TimeControl "180+2"]
[Date "2023.05.30"]
[WhiteClock "0:00:11"]
[BlackClock "0:00:51"]

1. c4 c5 2. Nc3 Nc6 3. g3 g6 4. Bg2 Bg7 5. Nf3 e5 6. d3 Nge7 7. O-O O-O 8. Rb1 d5 9. cxd5 Nxd5 10. Bd2 Be6 11. a3 Rc8 12. Ne1 Qd7 13. Nc2 Nb6 14. Qc1 Rfd8 15. Ne4 Nd4 16. Nxd4 cxd4 17. Nc5 Qe7 18. b4 Nd5 19. Qb2 Bg4 20. Rfe1 b6 21. Nb3 Nc3 22. Bxc3 Rxc3 23. h3 Be6 24. Nd2 Rdc8 25. Rec1 Bh6 26. b5 Qg5 27. f4 Qxg3 28. Ne4 Qe3+ 29. Kh1 Rxc1+ 0-1


[Site "https://www.chess.com"]

[Event "Titled Tuesday Blitz May 30 Early 2023"]
[White "Girya, Olga"]
[Black "Zaitsev, Alexander"]
[WhiteFideId "4195752"]
[BlackFideId "4164490"]
[WhiteElo "2263"]
[BlackElo "2373"]
[Result "1-0"]
[Round "10"]
[TimeControl "180+2"]
[Date "2023.05.30"]
[WhiteClock "0:00:04"]
[BlackClock "0:00:00"]

1. d4 Nf6 2. Nf3 e6 3. c4 Bb4+ 4. Bd2 c5 5. Bxb4 cxb4 6. g3 b6 7. Bg2 Bb7 8. O-O O-O 9. Qd3 a5 10. Rd1 d6 11. a3 Na6 12. Nbd2 Qc7 13. Ne1 e5 14. Nc2 Bxg2 15. Kxg2 bxa3 16. bxa3 Rfe8 17. Ne3 Qb7+ 18. Kg1 Nc7 19. Rab1 Ne6 20. Nf5 Red8 21. Nb3 Qc7 22. d5 Nc5 23. Nxc5 bxc5 24. Rb5 g6 25. Ne3 Rdb8 26. Rdb1 Ne8 27. Nd1 Qc8 28. Nc3 Nc7 29. Rb6 Rxb6 30. Rxb6 Ra6 31. Qb1 Qg4 32. Rxa6 Nxa6 33. Qb5 Nb4 34. axb4 axb4 35. Nd1 Qxe2 36. Ne3 Qe1+ 37. Kg2 Qd2 38. Qb8+ Kg7 39. Qxd6 Qd4 40. Qb6 b3 41. d6 b2 42. d7 Qe4+ 43. f3 b1=Q 44. Qxb1 Qxb1 45. d8=Q Qb2+ 46. Kg1 Qc1+ 47. Nf1 Qxc4 48. Qd2 Qb5 49. Ne3 Qc6 50. Kg2 c4 51. Qd5 Qb6 52. Qxe5+ f6 53. Qc3 1-0


[Site "https://www.chess.com"]

[Event "Titled Tuesday Blitz May 30 Early 2023"]
[White "Liu, Casper"]
[Black "Terletsky, Oleg"]
[WhiteFideId "1454153"]
[BlackFideId "14116774"]
[WhiteElo "2221"]
[BlackElo "2084"]
[Result "1/2-1/2"]
[Round "10"]
[TimeControl "180+2"]
[Date "2023.05.30"]
[WhiteClock "0:00:34"]
[BlackClock "0:00:10"]

1. e4 e5 2. d4 exd4 3. c3 d5 4. exd5 Qxd5 5. Nf3 Nc6 6. cxd4 Bg4 7. Be2 Bb4+ 8. Nc3 Bxf3 9. Bxf3 Qc4 10. Bxc6+ bxc6 11. Qe2+ Qxe2+ 12. Kxe2 O-O-O 13. Be3 Ne7 14. Rac1 Nf5 15. Rhd1 Rhe8 16. Kf3 Rd6 17. g4 Nxe3 18. fxe3 Rf6+ 19. Ke2 Rh6 20. Rh1 Rh3 21. Nd1 Kb7 22. Kf2 Bd2 23. Kg2 Rh6 24. Rc4 Re4 25. Nf2 Rxe3 26. Rd1 Ba5 27. b4 Bb6 28. Rd2 Rf6 29. Rb2 Rf4 1/2-1/2


[Site "https://www.chess.com"]

[Event "Titled Tuesday Blitz May 30 Early 2023"]
[White "Melian, Juan Sebastian"]
[Black "Jovic, Stanoje"]
[WhiteFideId "3706575"]
[BlackFideId "905020"]
[WhiteElo "2092"]
[BlackElo "2236"]
[Result "1-0"]
[Round "10"]
[TimeControl "180+2"]
[Date "2023.05.30"]
[WhiteClock "0:00:03"]
[BlackClock "0:00:00"]

1. d4 Nf6 2. Bg5 c5 3. e3 Qb6 4. Nc3 Qxb2 5. Nb5 Qb4+ 6. c3 Qa5 7. Qb3 a6 8. Na3 Ne4 9. Nc4 Qc7 10. Bf4 d6 11. Nb6 Ra7 12. Bc4 e6 13. Ne2 Be7 14. Bd3 Nf6 15. a4 a5 16. O-O O-O 17. Rab1 e5 18. Bg3 e4 19. Bc4 Nbd7 20. Nxc8 Rxc8 21. Bxf7+ Kh8 22. Be6 c4 23. Qb5 Qc6 24. Qf5 Rf8 25. Rb5 g6 26. Qh3 d5 27. Nf4 Kg7 28. Bxd7 Qxd7 29. Ne6+ Kf7 30. Nxf8 Qxh3 31. gxh3 Kxf8 32. Rfb1 Ba3 33. Rxb7 Rxb7 34. Rxb7 Bc1 35. Rb5 Bd2 36. Be5 Nd7 37. Rxa5 Bxc3 38. Rxd5 Ke7 39. Rb5 Bd2 40. Bf4 c3 41. Rb7 c2 42. Rc7 c1=Q+ 43. Rxc1 Bxc1 44. a5 Kd8 45. a6 Kc8 46. Kg2 Nb6 47. Kg3 Nd5 48. Kg4 Bd2 49. Be5 Bb4 50. Kg5 Bf8 51. h4 Nb4 52. Kf4 Nxa6 53. Kxe4 Kd7 54. Bf4 Nb4 55. Kf3 Ke6 56. e4 Kf7 57. d5 Nc2 58. Bg3 Nd4+ 59. Ke3 Bc5 60. Kd3 Nf3 61. Ke2 Nd4+ 62. Kd3 Nf3 63. Kc4 Ba7 64. e5 h6 65. Kd3 g5 66. hxg5 hxg5 67. Ke4 g4 68. Kf4 Nd2 69. Kxg4 Ne4 70. f4 Nc3 71. d6 1-0


[Site "https://www.chess.com"]

[Event "Titled Tuesday Blitz May 30 Early 2023"]
[White "Baghdasaryan, Vahe"]
[Black "Mazurkiewicz, Michal"]
[WhiteFideId "13303139"]
[BlackFideId "1124943"]
[WhiteElo "2216"]
[BlackElo "2054"]
[Result "0-1"]
[Round "10"]
[TimeControl "180+2"]
[Date "2023.05.30"]
[WhiteClock "0:00:00"]
[BlackClock "0:00:22"]

1. d4 Nf6 2. Nf3 g6 3. g3 Bg7 4. Bg2 O-O 5. O-O d6 6. c4 c5 7. dxc5 dxc5 8. Nc3 Nc6 9. Be3 Qa5 10. Qa4 Qxa4 11. Nxa4 b6 12. Nc3 Ba6 13. Nb5 Bxb5 14. cxb5 Nb4 15. Ne5 Rac8 16. Nc6 Nfd5 17. Bd2 Nxc6 18. bxc6 e6 19. e4 Ne7 20. Rad1 Nxc6 21. b3 Nd4 22. Be3 Rfd8 23. f4 Nc2 24. Kf2 Bd4 25. Bxd4 Rxd4 26. e5 Rcd8 27. Bf3 Rd2+ 28. Kg1 Nd4 29. Rxd2 Nxf3+ 30. Rxf3 Rxd2 31. a4 h5 32. Rc3 Kg7 33. h3 a5 34. g4 hxg4 35. hxg4 g5 36. f5 exf5 37. gxf5 Re2 38. Rg3 Rxe5 39. Rxg5+ Kf6 40. Rg8 Kxf5 41. Rb8 Re6 42. Rb7 f6 43. Kf2 Ke4 44. Rd7 f5 45. Ke2 f4 46. Rd8 Rh6 47. Re8+ Kd4 48. Kf3 Rh3+ 49. Kxf4 Rxb3 50. Re4+ Kc3 51. Ke5 Rb4 52. Re1 Rxa4 53. Kd5 Rb4 54. Kc6 a4 55. Rc1+ Kb2 56. Rh1 a3 57. Rh2+ Kb3 58. Rh3+ Ka4 59. Rh2 Rb2 60. Rh8 a2 61. Ra8+ Kb3 62. Kxb6 Kc2+ 63. Kxc5 Kb1 64. Rh8 a1=Q 0-1


[Site "https://www.chess.com"]

[Event "Titled Tuesday Blitz May 30 Early 2023"]
[White "Topalov, Aleksandar"]
[Black "Golubev, Mikhail"]
[WhiteFideId "925659"]
[BlackFideId "14100983"]
[WhiteElo "2151"]
[BlackElo "2374"]
[Result "1/2-1/2"]
[Round "10"]
[TimeControl "180+2"]
[Date "2023.05.30"]
[WhiteClock "0:00:12"]
[BlackClock "0:00:17"]

1. b3 d6 2. Bb2 Nd7 3. c4 e5 4. d4 Ngf6 5. Nc3 g6 6. e3 Bg7 7. Nge2 O-O 8. g3 exd4 9. Qxd4 Nc5 10. Bg2 Ng4 11. Qd2 Ne5 12. O-O Ned3 13. Ba3 a5 14. Nf4 Nxf4 15. gxf4 c6 16. Rad1 Bg4 17. f3 Be6 18. Qxd6 Qxd6 19. Rxd6 Bxc3 20. Bxc5 Bb4 21. Bxb4 axb4 22. Rd2 Ra5 23. Rff2 Rfa8 24. Kf1 f6 25. Ke1 Kf7 26. Kd1 b5 27. cxb5 cxb5 28. Kc1 Ra3 29. Kb1 Bf5+ 30. e4 Be6 31. Rb2 Rc8 32. Rfc2 Rc3 33. Rc1 Ra7 34. Rbc2 Rac7 35. Kb2 Rxc2+ 36. Rxc2 Rxc2+ 37. Kxc2 Ke7 38. Kd3 Kd6 39. Kd4 f5 40. e5+ Kc6 41. Bf1 Kb6 42. Bd3 Kc6 43. Be2 Kb6 44. Bf1 Kc6 45. Bd3 Kb6 46. Bc2 Kc6 47. Bd3 Kb6 48. Bf1 Kc6 49. Bg2 Kb6 50. h4 Kc6 51. Bf1 Kb6 52. Bd3 Kc6 53. Be2 Kb6 54. Bd3 Kc6 55. Be2 Kb6 56. Bd3 1/2-1/2


[Site "https://www.chess.com"]

[Event "Titled Tuesday Blitz May 30 Early 2023"]
[White "Martin Alvarez, Inigo"]
[Black "Romkachess"]
[WhiteFideId "2259354"]
[WhiteElo "2395"]
[BlackElo "2552"]
[Result "1-0"]
[Round "10"]
[TimeControl "180+2"]
[Date "2023.05.30"]
[WhiteClock "0:00:12"]
[BlackClock "0:00:00"]

1. e4 c5 2. Nc3 d6 3. d3 Nc6 4. Be3 g6 5. d4 cxd4 6. Bxd4 Nxd4 7. Qxd4 Nf6 8. e5 dxe5 9. Bb5+ Bd7 10. Qxe5 a6 11. Bxd7+ Qxd7 12. Nf3 Bg7 13. O-O O-O 14. Rfe1 e6 15. Rad1 Qc8 16. Qa5 Rd8 17. h3 Rd7 18. Rxd7 Nxd7 19. Re3 Qc5 20. Qxc5 Nxc5 21. Kf1 Rd8 22. Ke2 b5 23. b4 Nb7 24. Ne4 Bf8 25. a3 a5 26. c3 Rc8 27. Ne5 h6 28. Nd7 Bg7 29. Nec5 Nd6 30. bxa5 Nc4 31. Re4 Nxa5 32. Rb4 Bxc3 33. Rxb5 Nc4 34. Kd3 Nxa3 35. Rb3 Be1 36. Rxa3 Bxf2 37. Rc3 Rd8 38. Ke4 Kg7 39. Rf3 Be1 40. Ne5 f5+ 41. Ke3 Bd2+ 42. Ke2 1-0


[Site "https://www.chess.com"]

[Event "Titled Tuesday Blitz May 30 Early 2023"]
[White "Shvedova, Alexandra"]
[Black "Goswami, Vedant"]
[WhiteFideId "54154782"]
[BlackFideId "5003725"]
[WhiteElo "1973"]
[BlackElo "2011"]
[Result "1-0"]
[Round "10"]
[TimeControl "180+2"]
[Date "2023.05.30"]
[WhiteClock "0:00:43"]
[BlackClock "0:00:03"]

1. Nf3 d6 2. c4 e5 3. Nc3 Nc6 4. d3 g6 5. g3 Bg7 6. Bg2 Be6 7. Rb1 h6 8. b4 Qd7 9. Qc2 Nge7 10. h4 Rb8 11. Bd2 d5 12. cxd5 Nxd5 13. Ne4 b6 14. b5 Nd4 15. Nxd4 exd4 16. Bc1 O-O 17. O-O Rfc8 18. Ba3 f5 19. Nd2 Nc3 20. Rbe1 Bd5 21. e4 dxe3 22. fxe3 Bxg2 23. Kxg2 Qxb5 24. Nf3 c5 25. Bb2 Nd5 26. Bxg7 Kxg7 27. h5 Re8 28. e4 Nf6 29. hxg6 fxe4 30. dxe4 Qc6 31. e5 Nd5 32. Qe4 Rbc8 33. Nh4 Ne7 34. Rf7+ Kg8 35. Qxc6 Rxc6 36. e6 Nd5 37. e7 Nf6 38. Nf5 Ng4 39. Nh4 Rxg6 40. Rf8+ Rxf8 41. exf8=Q+ Kxf8 42. Nxg6+ 1-0


[Site "https://www.chess.com"]

[Event "Titled Tuesday Blitz May 30 Early 2023"]
[White "ArrestingPieces"]
[Black "Rodriguez Santiago, Jaime"]
[BlackFideId "3100898"]
[WhiteElo "2527"]
[BlackElo "2025"]
[Result "0-1"]
[Round "10"]
[TimeControl "180+2"]
[Date "2023.05.30"]
[WhiteClock "0:00:45"]
[BlackClock "0:00:10"]

1. e4 c6 2. d4 d5 3. exd5 cxd5 4. c4 e6 5. Nf3 Nf6 6. Nc3 Be7 7. cxd5 Nxd5 8. Bd3 Nc6 9. O-O h6 10. Re1 O-O 11. a3 Nxc3 12. bxc3 b6 13. Bc2 Ba6 14. Re4 Bf6 15. Rg4 Kh8 16. Qe1 Ne7 17. Ne5 Rc8 18. Qe4 Nf5 19. Qf3 Bxe5 20. Bxf5 exf5 21. Qxf5 Bf6 22. Rg3 Re8 23. Bf4 Rc4 24. Qh5 Qe7 25. h3 Qe2 26. f3 Kg8 27. Bxh6 Kf8 28. Bf4 Re6 29. Bg5 Rxc3 30. Bxf6 gxf6 31. Qh8+ Ke7 32. Rg8 Qe3+ 33. Kh1 Rc1+ 34. Rxc1 Qxc1+ 35. Kh2 Qf4+ 36. Rg3 f5 37. Qb8 Qxb8 0-1


[Site "https://www.chess.com"]

[Event "Titled Tuesday Blitz May 30 Early 2023"]
[White "Nugumanov, Bakhtiyar"]
[Black "robertoalejandro10"]
[WhiteFideId "13701797"]
[WhiteElo "2209"]
[BlackElo "2522"]
[Result "1-0"]
[Round "10"]
[TimeControl "180+2"]
[Date "2023.05.30"]
[WhiteClock "0:00:21"]
[BlackClock "0:00:03"]

1. Nf3 Nf6 2. c4 c5 3. g3 g6 4. Nc3 Bg7 5. Bg2 O-O 6. O-O d6 7. d4 cxd4 8. Nxd4 Nc6 9. Nc2 Be6 10. b3 Qd7 11. Re1 Bh3 12. Bh1 Ng4 13. Bb2 Qf5 14. f3 Qc5+ 15. e3 Nf6 16. Qd2 Rad8 17. Rad1 h5 18. a3 Qa5 19. b4 Qc7 20. Nb5 Qb8 21. e4 a6 22. Nbd4 e5 23. Ne2 Qa7+ 24. Qe3 Qb8 25. Qf2 b5 26. Ne3 Be6 27. Rc1 Bh6 28. cxb5 Qxb5 29. f4 Ng4 30. Nxg4 Bxg4 31. Nc3 Qb7 32. Nd5 Bg7 33. Rxc6 exf4 34. Bxg7 fxg3 35. Qf6 gxh2+ 36. Kxh2 Rfe8 37. Rc7 Qxc7 38. Nxc7 1-0


[Site "https://www.chess.com"]

[Event "Titled Tuesday Blitz May 30 Early 2023"]
[White "Camilla_Lee"]
[Black "Wang, Ricky"]
[BlackFideId "2071916"]
[WhiteElo "2649"]
[BlackElo "2317"]
[Result "0-1"]
[Round "10"]
[TimeControl "180+2"]
[Date "2023.05.30"]
[WhiteClock "0:00:08"]
[BlackClock "0:00:33"]

1. e4 c5 2. Nf3 d6 3. d4 cxd4 4. Nxd4 Nf6 5. Nc3 Nc6 6. Bc4 e6 7. Be3 a6 8. Bb3 Qc7 9. f3 Na5 10. Qd2 b5 11. O-O Be7 12. Rad1 O-O 13. h3 Nc4 14. Bxc4 bxc4 15. Nde2 Bb7 16. Bd4 d5 17. e5 Nd7 18. f4 Bc5 19. Na4 Be7 20. Qe3 g6 21. g4 Kh8 22. f5 gxf5 23. gxf5 Bg5 24. Qg3 Rg8 25. Kh2 Bf6 26. Qf4 Bxe5 27. Kh1 f6 28. Qh4 Bxd4 29. Nxd4 e5 30. Nc3 exd4 31. Rxd4 Qg3 32. Qxg3 Rxg3 33. Re1 Rag8 34. Kh2 Rg2+ 35. Kh1 R2g3 36. Kh2 Ne5 37. Rf1 Rg2+ 38. Kh1 Nf3 39. Rg4 Rh2# 0-1


[Site "https://www.chess.com"]

[Event "Titled Tuesday Blitz May 30 Early 2023"]
[White "Abdilkhair, Abilmansur"]
[Black "Degenbaev, Aziz"]
[WhiteFideId "13716417"]
[BlackFideId "13802640"]
[WhiteElo "2215"]
[BlackElo "2152"]
[Result "0-1"]
[Round "10"]
[TimeControl "180+2"]
[Date "2023.05.30"]
[WhiteClock "0:01:16"]
[BlackClock "0:02:05"]

1. d4 Nf6 2. c4 g6 3. Nc3 Bg7 4. g3 c5 5. Bg2 cxd4 6. Qxd4 Nc6 7. Qh4 h5 8. Nf3 O-O 9. O-O d6 10. Bg5 Be6 11. Rad1 Qc8 12. b3 Nh7 13. Bxe7 Nxe7 14. Qxe7 Bxc3 15. Nd4 Qd7 16. Qxd7 Bxd7 17. Bxb7 Rab8 18. Bd5 Nf6 19. Nc6 Bxc6 20. Bxc6 Rfd8 21. Rd3 Bb4 22. Rfd1 Bc5 23. e4 Ng4 24. R3d2 Ne5 0-1


[Site "https://www.chess.com"]

[Event "Titled Tuesday Blitz May 30 Early 2023"]
[White "Sai Han Thiha"]
[Black "Parpiev, Isaak"]
[WhiteFideId "13012290"]
[BlackFideId "34281576"]
[WhiteElo "1954"]
[BlackElo "2115"]
[Result "0-1"]
[Round "10"]
[TimeControl "180+2"]
[Date "2023.05.30"]
[WhiteClock "0:00:59"]
[BlackClock "0:02:13"]

1. d4 Nf6 2. Nf3 g6 3. c4 Bg7 4. Nc3 O-O 5. e4 d6 6. Be2 e5 7. Be3 Na6 8. d5 Nc5 9. Nd2 a5 10. g4 c6 11. h4 cxd5 12. cxd5 a4 13. Bxc5 dxc5 14. Nxa4 Nxg4 15. Bxg4 Bxg4 16. Qxg4 Rxa4 17. b3 Rd4 18. Qe2 f5 19. f3 Bh6 20. Nc4 fxe4 21. fxe4 Rf4 22. Nd2 Rxd2 23. Qxd2 Rxe4+ 24. Qe2 Qxd5 25. Rd1 Rxe2+ 26. Kxe2 Qe4+ 27. Kf2 Be3+ 28. Ke2 Bg1+ 29. Kf1 Qxh1 0-1


[Site "https://www.chess.com"]

[Event "Titled Tuesday Blitz May 30 Early 2023"]
[White "Do Nascimento,Christian Almeida"]
[Black "Kovalevsky, Stanislav"]
[WhiteFideId "2143801"]
[BlackFideId "13508598"]
[WhiteElo "2118"]
[BlackElo "2174"]
[Result "0-1"]
[Round "10"]
[TimeControl "180+2"]
[Date "2023.05.30"]
[WhiteClock "0:01:52"]
[BlackClock "0:01:55"]

1. e4 e6 2. d4 d5 3. Nc3 dxe4 4. Nxe4 Nf6 5. Nxf6+ gxf6 6. Nf3 Nc6 7. Bd3 Ne7 8. O-O Bd7 9. Re1 Bc6 10. c3 Qd5 11. Be4 Qd6 12. Bxc6+ Qxc6 13. Bf4 h5 14. h4 Rg8 15. Bg3 O-O-O 16. b4 Nf5 17. b5 Qxb5 18. Rb1 Qc6 19. Kh2 Nxg3 20. fxg3 Bd6 21. Re2 Rxg3 22. Kh1 Rdg8 23. Reb2 b6 24. d5 Qxd5 25. Qd2 Rh3+ 0-1


[Site "https://www.chess.com"]

[Event "Titled Tuesday Blitz May 30 Early 2023"]
[White "Sadovsky, Artem"]
[Black "Szyszylo, Rafal"]
[WhiteFideId "4155840"]
[BlackFideId "1109626"]
[WhiteElo "2314"]
[BlackElo "1951"]
[Result "1-0"]
[Round "10"]
[TimeControl "180+2"]
[Date "2023.05.30"]
[WhiteClock "0:01:11"]
[BlackClock "0:00:00"]

1. Nf3 d6 2. e3 g6 3. c4 Nf6 4. Nc3 Bg7 5. d4 O-O 6. h3 Nbd7 7. Be2 e5 8. O-O Re8 9. b3 c6 10. Bb2 e4 11. Nd2 d5 12. Rc1 Nf8 13. Ba3 Ne6 14. cxd5 cxd5 15. Nb5 Bf8 16. Bxf8 Rxf8 17. Qc2 Bd7 18. Qb2 Bxb5 19. Bxb5 a6 20. Be2 b5 21. b4 Nd7 22. Nb3 Nb6 23. Nc5 Nc4 24. Bxc4 bxc4 25. a4 Nc7 26. b5 Rb8 27. b6 Ne6 28. a5 Qd6 29. Nxa6 Ra8 30. Qb5 f5 31. Nc5 f4 32. Nb7 Qe7 33. Qxd5 f3 34. Nc5 fxg2 35. Qxe6+ Qxe6 36. Nxe6 gxf1=Q+ 37. Kxf1 Rxa5 38. Nxf8 Kxf8 39. Rxc4 Rb5 40. Rc8+ Ke7 41. Rc7+ Ke6 42. b7 h5 43. h4 Kf5 44. Rc5+ Rxc5 45. dxc5 1-0


[Site "https://www.chess.com"]

[Event "Titled Tuesday Blitz May 30 Early 2023"]
[White "Fiedorek, Michal"]
[Black "Staudenhocker43"]
[WhiteFideId "1199528"]
[WhiteElo "2135"]
[BlackElo "2519"]
[Result "0-1"]
[Round "10"]
[TimeControl "180+2"]
[Date "2023.05.30"]
[WhiteClock "0:00:00"]
[BlackClock "0:01:04"]

1. e4 c5 2. Nf3 e6 3. d4 cxd4 4. Nxd4 Nc6 5. Nc3 Qc7 6. Be2 a6 7. Be3 Nf6 8. O-O Bb4 9. f3 O-O 10. Nb3 Ne5 11. Kh1 Nc4 12. Bxc4 Qxc4 13. Na4 Qc6 14. Nb6 Rb8 15. c3 Be7 16. Na5 Qc7 17. Qe2 Bc5 18. Qf2 Qxb6 19. Bxc5 Qxa5 20. Bxf8 Kxf8 21. Qg3 e5 22. f4 d6 23. fxe5 Qxe5 24. Qxe5 dxe5 25. Rfe1 Be6 26. b3 Ke7 27. Rad1 b5 28. Kg1 Rc8 29. Rd3 Rc6 30. Kf2 Nd7 31. Ke3 a5 32. h3 h6 33. Red1 a4 34. bxa4 bxa4 35. a3 Nb6 0-1


[Site "https://www.chess.com"]

[Event "Titled Tuesday Blitz May 30 Early 2023"]
[White "Harriott, Tyrell"]
[Black "Horak, Martin"]
[WhiteFideId "2086484"]
[BlackFideId "367095"]
[WhiteElo "2107"]
[BlackElo "2091"]
[Result "1-0"]
[Round "10"]
[TimeControl "180+2"]
[Date "2023.05.30"]
[WhiteClock "0:01:56"]
[BlackClock "0:00:00"]

1. d4 Nf6 2. e3 c5 3. Bd3 d5 4. c3 Nc6 5. f4 Bg4 6. Ne2 e6 7. Nd2 Be7 8. O-O O-O 9. Nf3 c4 10. Bc2 Bf5 11. Ng3 Bxc2 12. Qxc2 b5 13. Bd2 a5 14. Rae1 b4 15. e4 dxe4 16. Nxe4 Nxe4 17. Qxe4 Rc8 18. Ne5 Nxe5 19. fxe5 Qd5 20. Qg4 bxc3 21. Bh6 g6 22. bxc3 Rfd8 23. Re3 Rd7 24. Ref3 Bf8 25. Bg5 Rb8 26. h4 h5 27. Qf4 Rb2 28. a3 Qb5 29. Rg3 Rb1 30. Kh2 Rxf1 31. Qxf1 Qb2 32. a4 Qb3 33. Qa1 Ba3 34. Bf6 Bf8 35. Qf1 Rb7 36. Qe2 1-0


[Site "https://www.chess.com"]